[ PARTIDA AOE2 · #475868000 ]
UnrankedDrávidas vs Aztecs
Equipo del jugador · DERR
Equipo rival · VICT
[ ANÁLISIS DE REPETICIÓN · EXTRAÍDO DE LA PARTIDA GRABADA ]
Feudal
9:49
Castillos
19:50
Imperial
—
| APM promedio | 23.6 |
| APM pico | 77 |
| eAPM promedio | 15.8 |
| Aldeanos / militares | 120 / 84 |
Foco
⚔️ 25.3% · 🌾 74.7%
Scout Cavalry ×50 · Battle Elephant ×17 · Urumi Swordsman ×10 · Elephant Archer ×6 · Spearman ×1
Feudal
9:38
Castillos
19:54
Imperial
37:25
| APM promedio | 55.4 |
| APM pico | 120 |
| eAPM promedio | 35.2 |
| Aldeanos / militares | 155 / 97 |
Foco
⚔️ 31.9% · 🌾 68.1%
Eagle Scout ×74 · Monk ×16 · Trebuchet (Packed) ×5 · Spearman ×2
Mapa de la partida
Recursos iniciales + cada clic de construcción. Líneas = muros · curvas = relieve. ◆ oro · ⬟ piedra · ● bayas · ✦ reliquia · ◌ hueco del cierre
Tu base· Abierta — el rival se encerró
Base de Arcadius· ✓ Cerrada en 19:54 · 54t muro · sin puerta
Terreno inicial suavizado · ◌ = hueco del cierre detectado · pasá el cursor para detalles
Inputs por minuto
— ArfGran - - Arcadius
Build order — ArfGran
Primeras 150 de 307 acciones detectadas
| 0:00 | Crear | Villager (Male) |
| 0:01 | Crear | Villager (Male) |
| 0:01 | Crear | Villager (Male) |
| 0:02 | Construir | House |
| 0:04 | Construir | House |
| 0:41 | Crear | Villager (Male) |
| 0:41 | Crear | Villager (Male) |
| 0:41 | Crear | Villager (Male) |
| 1:25 | Crear | Villager (Male) |
| 1:26 | Crear | Villager (Male) |
| 1:47 | Construir | Lumber Camp |
| 2:11 | Crear | Villager (Male) |
| 2:11 | Crear | Villager (Male) |
| 2:11 | Crear | Villager (Male) |
| 2:26 | Crear | Villager (Male) |
| 2:26 | Crear | Villager (Male) |
| 3:00 | Crear | Villager (Male) |
| 3:20 | Crear | Villager (Male) |
| 3:20 | Crear | Villager (Male) |
| 3:51 | Crear | Villager (Male) |
| 3:51 | Crear | Villager (Male) |
| 4:15 | Construir | House |
| 4:21 | Crear | Villager (Male) |
| 4:21 | Crear | Villager (Male) |
| 4:24 | Construir | Mill |
| 4:40 | Crear | Villager (Male) |
| 4:59 | Crear | Villager (Male) |
| 4:59 | Crear | Villager (Male) |
| 5:28 | Crear | Villager (Male) |
| 5:28 | Crear | Villager (Male) |
| 5:51 | Construir | House |
| 6:09 | Crear | Villager (Male) |
| 6:14 | Investigar | Loom |
| 7:15 | Construir | Barracks |
| 7:39 | Investigar | Feudal Age |
| 7:39 | Investigar | Feudal Age |
| 7:43 | Construir | House |
| 7:46 | Construir | Palisade Wall |
| 8:46 | Construir | Lumber Camp |
| 8:57 | Crear | Villager (Male) |
| 8:57 | Crear | Villager (Male) |
| 9:02 | Crear | Villager (Male) |
| 9:49 | Edad | Edad Feudal |
| 9:51 | Construir | Stable |
| 9:54 | Investigar | Double-Bit Axe |
| 10:20 | Crear | Villager (Male) |
| 10:25 | Construir | House |
| 10:36 | Construir | Mill |
| 10:47 | Crear | Villager (Male) |
| 10:54 | Crear | Scout Cavalry ×2 |
| 11:07 | Construir | Farm |
| 11:14 | Construir | Farm |
| 11:15 | Construir | Farm |
| 11:16 | Construir | Farm |
| 11:18 | Construir | Farm |
| 11:20 | Crear | Villager (Male) |
| 11:23 | Construir | House |
| 11:27 | Crear | Spearman |
| 11:40 | Construir | Farm |
| 11:56 | Construir | Farm |
| 11:59 | Crear | Villager (Male) |
| 12:05 | Construir | Palisade Wall |
| 12:08 | Construir | Palisade Gate |
| 12:20 | Construir | Farm |
| 12:22 | Construir | Farm |
| 12:23 | Crear | Villager (Male) |
| 12:40 | Investigar | Horse Collar |
| 13:08 | Crear | Villager (Male) |
| 13:11 | Construir | Farm |
| 13:36 | Crear | Villager (Male) |
| 13:36 | Crear | Villager (Male) |
| 13:41 | Construir | Blacksmith |
| 13:43 | Construir | Farm |
| 13:50 | Construir | Palisade Wall |
| 13:55 | Crear | Villager (Male) |
| 14:08 | Construir | Mining Camp |
| 14:10 | Crear | Villager (Male) |
| 14:12 | Construir | House |
| 14:24 | Crear | Villager (Male) |
| 14:37 | Construir | House |
| 14:48 | Crear | Villager (Male) |
| 15:02 | Construir | Stable |
| 15:22 | Construir | House |
| 15:34 | Construir | Palisade Wall |
| 15:40 | Crear | Villager (Male) |
| 15:44 | Construir | Farm |
| 16:13 | Construir | House |
| 16:16 | Construir | Palisade Wall |
| 16:28 | Construir | Market |
| 16:44 | Construir | Farm |
| 16:45 | Crear | Villager (Male) |
| 17:01 | Construir | Stable |
| 17:06 | Investigar | Castle Age |
| 17:20 | Construir | House |
| 17:29 | Construir | Palisade Wall |
| 17:36 | Investigar | Scale Barding Armor |
| 18:08 | Investigar | Forging |
| 18:45 | Investigar | Gold Mining |
| 18:57 | Construir | Palisade Wall |
| 19:01 | Construir | Palisade Wall |
| 19:15 | Construir | Archery Range |
| 19:38 | Construir | Archery Range |
| 19:50 | Edad | Edad de los Castillos |
| 19:51 | Crear | Scout Cavalry |
| 19:51 | Crear | Scout Cavalry |
| 19:51 | Crear | Scout Cavalry |
| 19:53 | Investigar | Husbandry |
| 20:02 | Crear | Battle Elephant |
| 20:03 | Crear | Battle Elephant |
| 20:09 | Crear | Villager (Male) |
| 20:09 | Crear | Villager (Male) |
| 20:21 | Construir | Town Center |
| 20:28 | Crear | Villager (Male) |
| 20:32 | Crear | Elephant Archer |
| 20:32 | Crear | Elephant Archer |
| 20:39 | Construir | Farm |
| 20:46 | Crear | Villager (Male) |
| 21:12 | Investigar | Fletching |
| 21:20 | Crear | Battle Elephant |
| 21:20 | Crear | Battle Elephant |
| 21:34 | Construir | Farm |
| 21:36 | Construir | Farm |
| 21:40 | Crear | Villager (Male) |
| 21:40 | Crear | Villager (Male) |
| 21:59 | Crear | Battle Elephant |
| 21:59 | Crear | Battle Elephant |
| 22:01 | Crear | Villager (Male) |
| 22:13 | Construir | Town Center |
| 22:16 | Crear | Villager (Male) |
| 22:25 | Investigar | Padded Archer Armor |
| 22:45 | Construir | House |
| 22:58 | Construir | House |
| 23:06 | Crear | Battle Elephant |
| 23:11 | Crear | Elephant Archer |
| 23:11 | Crear | Elephant Archer |
| 23:23 | Crear | Villager (Male) |
| 23:23 | Crear | Villager (Male) |
| 23:35 | Crear | Villager (Male) |
| 23:35 | Crear | Villager (Male) |
| 23:37 | Construir | Farm |
| 23:38 | Construir | Farm |
| 23:40 | Construir | Farm |
| 23:41 | Construir | Farm |
| 23:49 | Construir | Palisade Wall |
| 23:51 | Crear | Villager (Male) |
| 23:51 | Crear | Villager (Male) |
| 23:55 | Crear | Villager (Male) |
| 24:44 | Investigar | Light Cavalry (upgrade) |
| 24:55 | Investigar | Wheelbarrow |
| 24:58 | Construir | House |
Build order — Arcadius
Primeras 150 de 455 acciones detectadas
| 0:00 | Crear | Villager (Male) |
| 0:01 | Crear | Villager (Male) |
| 0:02 | Construir | House |
| 0:03 | Construir | House |
| 0:06 | Crear | Villager (Male) |
| 0:07 | Crear | Villager (Male) |
| 1:16 | Crear | Villager (Male) |
| 2:13 | Crear | Villager (Male) |
| 2:17 | Crear | Villager (Male) |
| 2:45 | Crear | Villager (Male) |
| 2:59 | Construir | Lumber Camp |
| 3:13 | Crear | Villager (Male) |
| 3:28 | Crear | Villager (Male) |
| 4:00 | Construir | House |
| 4:07 | Crear | Villager (Male) |
| 4:17 | Crear | Villager (Male) |
| 4:17 | Crear | Villager (Male) |
| 4:38 | Construir | House |
| 4:55 | Crear | Villager (Male) |
| 5:02 | Crear | Villager (Male) |
| 5:02 | Crear | Villager (Male) |
| 5:30 | Crear | Villager (Male) |
| 5:32 | Crear | Villager (Male) |
| 5:32 | Crear | Villager (Male) |
| 5:37 | Construir | Mill |
| 6:24 | Crear | Villager (Male) |
| 6:26 | Investigar | Loom |
| 6:26 | Investigar | Loom |
| 7:28 | Investigar | Feudal Age |
| 7:28 | Investigar | Feudal Age |
| 7:54 | Construir | Palisade Wall |
| 8:22 | Construir | House |
| 8:26 | Construir | Palisade Wall |
| 8:26 | Construir | Palisade Wall |
| 8:33 | Construir | Palisade Wall |
| 8:35 | Construir | Palisade Wall |
| 8:41 | Crear | Villager (Male) |
| 8:58 | Construir | Palisade Wall |
| 9:05 | Construir | House |
| 9:18 | Construir | Palisade Wall |
| 9:38 | Edad | Edad Feudal |
| 9:39 | Investigar | Double-Bit Axe |
| 9:39 | Investigar | Double-Bit Axe |
| 9:40 | Investigar | Horse Collar |
| 9:40 | Investigar | Horse Collar |
| 9:40 | Investigar | Horse Collar |
| 9:50 | Construir | House |
| 9:51 | Crear | Villager (Male) |
| 9:51 | Crear | Villager (Male) |
| 9:54 | Construir | Farm |
| 10:08 | Construir | Farm |
| 10:13 | Crear | Villager (Male) |
| 10:17 | Construir | Palisade Wall |
| 10:17 | Construir | Palisade Wall |
| 10:22 | Construir | Palisade Wall |
| 10:24 | Crear | Villager (Male) |
| 10:24 | Crear | Villager (Male) |
| 10:28 | Construir | Farm |
| 10:37 | Construir | Farm |
| 10:52 | Construir | Farm |
| 10:58 | Construir | Palisade Wall |
| 11:06 | Crear | Villager (Male) |
| 11:16 | Construir | Farm |
| 11:23 | Construir | Farm |
| 11:31 | Crear | Villager (Male) |
| 11:35 | Construir | Farm |
| 11:51 | Crear | Villager (Male) |
| 11:52 | Crear | Villager (Male) |
| 11:55 | Construir | Farm |
| 12:05 | Construir | Farm |
| 12:10 | Crear | Villager (Male) |
| 12:27 | Crear | Villager (Male) |
| 12:34 | Crear | Villager (Male) |
| 12:35 | Crear | Villager (Male) |
| 12:38 | Construir | Farm |
| 12:46 | Construir | Farm |
| 13:07 | Crear | Villager (Male) |
| 13:31 | Construir | Market |
| 13:33 | Crear | Villager (Male) |
| 13:46 | Construir | Watch Tower |
| 13:47 | Crear | Villager (Male) |
| 13:53 | Crear | Villager (Male) |
| 14:07 | Construir | Mining Camp |
| 14:21 | Crear | Villager (Male) |
| 14:48 | Construir | Farm |
| 14:57 | Crear | Villager (Male) |
| 15:02 | Crear | Villager (Male) |
| 15:21 | Crear | Villager (Male) |
| 15:30 | Crear | Villager (Male) |
| 15:56 | Construir | Barracks |
| 16:13 | Construir | Lumber Camp |
| 16:24 | Crear | Villager (Male) |
| 16:31 | Construir | Blacksmith |
| 16:43 | Crear | Villager (Male) |
| 17:04 | Investigar | Castle Age |
| 17:04 | Investigar | Castle Age |
| 17:14 | Investigar | Scale Mail Armor |
| 17:14 | Investigar | Scale Mail Armor |
| 17:24 | Construir | House |
| 17:35 | Construir | Barracks |
| 17:41 | Construir | Palisade Wall |
| 17:43 | Crear | Eagle Scout |
| 17:44 | Crear | Eagle Scout |
| 18:14 | Investigar | Forging |
| 18:33 | Crear | Eagle Scout |
| 18:40 | Construir | House |
| 18:49 | Crear | Eagle Scout |
| 18:49 | Crear | Eagle Scout |
| 18:59 | Crear | Eagle Scout |
| 18:59 | Crear | Eagle Scout |
| 19:21 | Construir | Farm |
| 19:24 | Construir | Farm |
| 19:37 | Crear | Eagle Scout |
| 19:40 | Construir | House |
| 19:54 | Edad | Edad de los Castillos |
| 19:59 | Crear | Eagle Scout |
| 20:01 | Crear | Villager (Male) |
| 20:02 | Crear | Villager (Male) |
| 20:13 | Construir | House |
| 20:13 | Construir | House |
| 20:14 | Construir | House |
| 20:24 | Investigar | Eagle Warrior (upgrade) |
| 20:36 | Construir | Monastery |
| 20:38 | Crear | Eagle Scout |
| 20:40 | Crear | Villager (Male) |
| 20:43 | Crear | Eagle Scout |
| 20:44 | Investigar | Squires |
| 20:48 | Construir | Farm |
| 20:56 | Crear | Villager (Male) |
| 21:20 | Investigar | Gambesons |
| 21:21 | Crear | Villager (Male) |
| 21:26 | Crear | Villager (Male) |
| 21:40 | Crear | Eagle Scout |
| 21:40 | Crear | Eagle Scout |
| 21:48 | Crear | Villager (Male) |
| 21:50 | Construir | House |
| 21:54 | Crear | Monk |
| 22:00 | Crear | Villager (Male) |
| 22:05 | Crear | Villager (Male) |
| 22:13 | Construir | Town Center |
| 22:22 | Crear | Eagle Scout |
| 22:25 | Crear | Monk |
| 22:31 | Crear | Villager (Male) |
| 22:32 | Construir | Farm |
| 22:37 | Construir | Farm |
| 22:41 | Crear | Villager (Male) |
| 22:42 | Crear | Eagle Scout |
| 22:42 | Crear | Eagle Scout |
| 22:50 | Crear | Villager (Male) |
| 22:52 | Construir | Farm |
Cronología de la partida
| 7:15 | ArfGran · first_building Barracks |
| 7:46 | ArfGran · wall_segment Palisade Wall x7 |
| 7:54 | Arcadius · wall_segment Palisade Wall x17 |
| 8:26 | Arcadius · wall_segment Palisade Wall x1 |
| 8:26 | Arcadius · wall_segment Palisade Wall x1 |
| 8:33 | Arcadius · wall_segment Palisade Wall x7 |
| 8:35 | Arcadius · wall_segment Palisade Wall x8 |
| 8:58 | Arcadius · wall_segment Palisade Wall x12 |
| 9:18 | Arcadius · wall_segment Palisade Wall x6 |
| 9:38 | Arcadius · age_up feudal |
| 9:49 | ArfGran · age_up feudal |
| 9:51 | ArfGran · first_building Stable |
| 10:17 | Arcadius · wall_segment Palisade Wall x1 |
| 10:17 | Arcadius · wall_segment Palisade Wall x1 |
| 10:22 | Arcadius · wall_segment Palisade Wall x1 |
| 10:58 | Arcadius · wall_segment Palisade Wall x2 |
| 12:05 | ArfGran · wall_segment Palisade Wall x9 |
| 13:50 | ArfGran · wall_segment Palisade Wall x11 |
| 15:34 | ArfGran · wall_segment Palisade Wall x8 |
| 15:56 | Arcadius · first_building Barracks |
| 16:16 | ArfGran · wall_segment Palisade Wall x7 |
| 17:29 | ArfGran · wall_segment Palisade Wall x7 |
| 17:41 | Arcadius · wall_segment Palisade Wall x1 |
| 18:57 | ArfGran · wall_segment Palisade Wall x6 |
| 19:01 | ArfGran · wall_segment Palisade Wall x5 |
| 19:15 | ArfGran · first_building Archery Range |
| 19:50 | ArfGran · age_up castle |
| 19:54 | Arcadius · age_up castle |
| 20:36 | Arcadius · first_building Monastery |
| 21:28 | Arcadius · first_market_sell 100 wood |
| 21:29 | Arcadius · first_market_buy 100 stone |
| 23:49 | ArfGran · wall_segment Palisade Wall x4 |
| 25:24 | ArfGran · first_market_buy 100 food |
| 29:02 | ArfGran · first_building Monastery |
| 32:01 | ArfGran · wall_segment Palisade Wall x1 |
| 33:11 | Arcadius · first_building Siege Workshop |
| 36:43 | Arcadius · first_building Castle |
| 37:25 | Arcadius · age_up imperial |
| 37:28 | ArfGran · first_building Castle |
| 40:59 | ArfGran · resign |
[ ANÁLISIS IA · 1 CRÉDITO ]
¿Qué pasó realmente en esta partida?
Wolo.gg analiza cada decisión: build order, eco, micro, errores típicos por bracket. Análisis personalizado por WhatsApp o Discord en 30 segundos.
Guía civ
Drávidas
Perfil
Jugador #19258318